 Dungeon Crawl Stone Soup version 0.25-a0-774-g40ae2d4f90 (webtiles) character file.

Game seed: 11214544887221461511, levelgen mode: deterministic

114 Maedhros the Sneak (level 4, -1/28 HPs)
             Began as an Octopode Artificer on Apr 13, 2020.
             Slain by a gnoll
             ... wielding a +0 whip
              (7 damage)
             ... on level 5 of the Dungeon.
             The game lasted 00:01:23 (673 turns).

Maedhros the Sneak (Octopode Artificer)              Turns: 673, Time: 00:01:24

Health: -1/28      AC:  1    Str: 11    XL:     4   Next: 98%
Magic:  6/6        EV: 13    Int: 13    God:
Gold:   97         SH:  0    Dex: 13    Spells: 3/3 levels left

rFire    . . .     SeeInvis .   e - +2 whip (venom)
rCold    . . .     Gourm    .   (no shield)
rNeg     . . .     Faith    .   (helmet restricted)
rPois    .         Spirit   .   (no amulet)
rElec    .         Reflect  .   k - ring of resist corrosion
rCorr    +         Harm     .   (no ring)
MR       .....                  (no ring)
Stlth    ++++......             (no ring)
HPRegen  0.09/turn              (no ring)
MPRegen  0.10/turn              (no ring)
                                (no ring)
                                (no ring)

@: no status effects
A: almost no armour, stealthy swim, amphibious, 8 rings, constrict 8, camouflage
1, gelatinous body 1
a: no special abilities


You were on level 5 of the Dungeon.
You were not hungry.

You visited 1 branch of the dungeon, and saw 5 of its levels.

You collected 97 gold pieces.

Inventory:

Hand Weapons
 a - a +0 short sword
 e - a +2 whip of venom (weapon)
Jewellery
 k - a ring of resist corrosion (left tentacle)
Wands
 b - a wand of flame (15)
 c - a wand of enslavement (14)
 d - a wand of random effects (14)
 q - a wand of iceblast (7)
Scrolls
 g - 2 scrolls of remove curse {unknown}
 h - 2 scrolls of immolation {unknown}
 i - a scroll of identify {unknown}
 n - a scroll of random uselessness {unknown}
 o - a scroll of teleportation {unknown}
Potions
 j - a potion of brilliance {unknown}
 l - 2 potions of curing {unknown}
 m - a potion of flight {unknown}
 p - a potion of degeneration {unknown}
Comestibles
 f - 2 rations


   Skills:
 - Level 1.0 Fighting
 - Level 1.0 Short Blades
 - Level 2.0 Dodging
 + Level 4.7 Stealth
 + Level 3.0 Unarmed Combat
 - Level 3.2 Evocations


You had 3 spell levels left.
You didn't know any spells.
Your spell library contained the following spells:

 Spells                   Type           Power        Failure   Level  Hunger
 Magic Dart               Conj           #...         30%         1    ##.....
 Blink                    Tloc           N/A          43%         2    ###....
 Call Imp                 Summ           #.......     43%         2    ###....
 Slow                     Hex            #.......     43%         2    ###....
 Conjure Flame            Conj/Fire      #.......     67%         3    ####...
 Mephitic Cloud           Conj/Pois/Air  #.......     67%         3    ####...


Dungeon Overview and Level Annotations

Branches:
Dungeon (5/15)
 Temple: D:4-7

Altars:
Yredelemnul


Innate Abilities, Weirdness & Mutations

You cannot wear most types of armour.
You are very stealthy in the water. (Stealth+)
You are amphibious.
You can wear up to eight rings at the same time.
You can use your tentacles to constrict eight enemies at once.
Your skin changes colour to match your surroundings (Stealth+).
Your rubbery body absorbs attacks. (AC +1, EV +1)


Message History

You hear a bark! x2
You hear a bark! x3
You swing at nothing.
You swing at nothing.
You swing at nothing.
You swing at nothing.
You swing at nothing.
You swing at nothing.
A gnoll shaman comes into view. It is wielding a +0 club.
The gnoll shaman calls upon its god to speed up the gnoll.
The gnoll seems to speed up.
You hear a bark!
You hit the gnoll shaman. Your grab misses the gnoll shaman.
Your squeeze misses the gnoll shaman.
The gnoll shaman is lightly wounded.
You hear a bark!
The gnoll shaman hits you with a +0 club!
* * * LOW HITPOINT WARNING * * *
The gnoll hits you with a +0 whip!
You die...

### #. h#
##....
...###..#.
...h.....
#.h...g.#
#<# #.##
#gg#
#....#@#
#.##.###
#g .g ..
...


You could see a gnoll shaman and 2 gnolls.

Vanquished Creatures
  A centaur skeleton (D:4)
  An iguana (D:4)
  A worker ant (D:4)
  A gnoll (D:1)
  A leopard gecko (D:1)
  An orc (D:4)
  2 ball pythons (D:1)
  5 bats
  A giant cockroach (D:2)
  4 goblins
  A hobgoblin (D:1)
  3 kobolds
  4 frilled lizards (D:3)
  3 rats (D:1)
29 creatures vanquished.

Notes
Turn   | Place    | Note
-------+----------+-------------------------------------------
     0 | D:1      | Maedhros the Octopode Artificer began the quest for the
                  | Orb.
     0 | D:1      | Reached XP level 1. HP: 13/13 MP: 3/3
    78 | D:1      | Reached skill level 2 in Stealth
    93 | D:1      | Reached skill level 1 in Unarmed Combat
    93 | D:1      | Reached XP level 2. HP: 16/18 MP: 4/4
   162 | D:1      | Reached skill level 3 in Stealth
   163 | D:1      | Reached XP level 3. HP: 16/23 MP: 5/5
   458 | D:3      | Found a basalt altar of Yredelemnul.
   536 | D:4      | Reached skill level 4 in Stealth
   536 | D:4      | Reached XP level 4. HP: 18/28 MP: 6/6
   663 | D:5      | Entered Level 5 of the Dungeon
   673 | D:5      | Slain by a gnoll

Levels and vault maps discovered:
D:1:      saegor_arrival_simple_d, layout_basic, minmay_pentomino_z2
D:2:      layout_loops_corners, tso_oasis_becter,
          nicolae_overflow_hidden_temple, vehumet_crystals,
          lemuel_altar_in_water, uniq_jessica
D:3:      layout_rooms, first_ration, yredelemnul_altar_generic, uniq_natasha
D:4:      layout_rooms, overflow_temple_1_default, hangedman_decor_growths,
          uniq_crazy_yiuf_cottage
D:5:      layout_rooms, lemuel_round_altar, nicolae_qazlal_eye_of_the_storm,
          tgw_trog, chequers_serial_rivers_small_b,
          hangedman_abyss_or_decor_lesser_grid, minmay_strange_pillars

Skill      XL: |  1  2  3  4 |
---------------+-------------+-----
Stealth        | 2 3 4 |  4.7
Unarmed Combat | 1 2 3 |  3.0
Fighting       | |  1.0
Short Blades   | |  1.0
Dodging        | |  2.0
Evocations     | |  3.2

Action                   |  1- 3 |  4- 6 || total
-------------------------+-------+-------++-------
Melee: Short sword       |    11 |       ||    11
       Constrict         |     9 |     3 ||    12
       Tentacles         |    11 |     2 ||    13
       Whip              |    35 |     7 ||    42
       Punch             |       |     1 ||     1
Evoke: Wand              |       |     2 ||     2
 Stab: Sleeping          |     5 |     1 ||     6
Armor: Skin              |     4 |       ||     4
Dodge: Dodged            |    36 |     2 ||    38

Table legend:
 A = Non-vault XP
 B = Vault XP
 C = Vault XP percentage of total XP
 D = Non-vault monster count
 E = Vault monster count
 F = Vault count percentage of total count
                 A         B        C        D         E       F
            +---------+---------+-------+---------+---------+-------
      Total |     147 |      17 |  10.4 |      27 |       2 |   6.9
            +---------+---------+-------+---------+---------+-------
        D:1 |      19 |      17 |  47.2 |      12 |       2 |  14.3
        D:2 |       4 |       0 |   0.0 |       3 |       0 |   0.0
        D:3 |      12 |       0 |   0.0 |       8 |       0 |   0.0
        D:4 |     112 |       0 |   0.0 |       4 |       0 |   0.0
            +---------+---------+-------+---------+---------+-------
